 Dungeon Crawl Stone Soup version 0.31-a0-865-g3d5d91748a (webtiles) character file.

Game seed: 11344197988384648231

2175 lunkers the Martial Artist (level 9, -3/64 HPs)
             Began as a Meteoran Shapeshifter on Oct 10, 2023.
             Was a Follower of Makhleb.
             Slain by a gnoll sergeant
             ... wielding a +0 spear
              (11 damage)
             ... on level 6 of the Dungeon.
             The game lasted 00:06:53 (2484 turns).

lunkers the Martial Artist (Meteoran Shapeshifter)  Turns: 2484, Time: 00:06:53

Health: -3/64      AC:  5    Str: 15    XL:     9   Next: 88%
Magic:  10/10      EV: 11    Int: 13    God:    Makhleb [*.....]
Gold:   342        SH:  0    Dex: 18    Spells: 8/8 levels left

rFire   + .          .
                       - Unarmed
rCold   . . .        (shield currently unavailable)
rNeg    . . .        t - +0 ring mail {rF+}
rPois   .            (no helmet)
rElec   .            (no cloak)
rCorr   .            (no gloves)
SInv    .            (no boots)
Will    +++..        (no amulet)
Stlth   +            q - ring of willpower
HPRegen 0.30/turn    p - ring of willpower
MPRegen 0.12/turn

%: no passive effects
@: flux-form, glowing
A: glow, contaminating, sense surroundings 2, otherworldly, glowing, explore
regen
a: Begin Untransformation, Renounce Religion


You were on level 6 of the Dungeon.
You worshipped Makhleb.
Makhleb was aware of your devotion.
You were something dangerously unstable.
You visited 2 branches of the dungeon, and saw 7 of its levels.

You collected 342 gold pieces.

Inventory:

Armour
 a - a +0 animal skin
 h - a +1 scale mail
 t - a +0 ring mail of fire resistance (worn)
Jewellery
 k - a +6 ring of intelligence
 l - a ring of resist corrosion
 p - a ring of willpower (right hand)
 q - a ring of willpower (left hand)
Talismans
 c - a beast talisman
 d - a flux talisman (active)
 i - a maw talisman
Wands
 s - a wand of polymorph (13)
Scrolls
 m - a scroll of enchant armour
 o - a scroll of fog {unknown}
 r - 3 scrolls of noise
 v - a scroll of amnesia {unknown}
Potions
 b - a potion of curing
 e - a potion of enlightenment
 f - a potion of brilliance
 g - 2 potions of degeneration {unknown}
 n - a potion of mutation {unknown}
 u - a potion of ambrosia {unknown}


   Skills:
 - Level 1.1 Fighting
 - Level 2.1 Dodging
 * Level 12.2 Unarmed Combat
 + Level 8.5 Shapeshifting


You had 8 spell levels left.
You didn't know any spells.
Your spell library contained the following spells:

 Spells                   Type           Power      Damage    Failure   Level
 Sandblast                Erth           0%         2d4       52%         1
 Passwall                 Tmut/Erth      0%         N/A       67%         2
 Stone Arrow              Conj/Erth      0%         3d7       88%         3
 Volatile Blastmotes      Fire/Tloc      0%         2d10      88%         3
 Brom's Barrelling Bould  Conj/Erth      0%         2d3       99%         4
 Fulminant Prism          Conj/Hex       0%         3d5       99%         4
 Iskenderun's Mystic Bla  Conj/Tloc      0%         2d3       99%         4


Dungeon Overview and Level Annotations

Branches:
Dungeon (6/15) Zot: 1184   Temple (1/1) D:4 Zot: 577

Altars:
Ashenzari
Gozag
Hepliaklqana
Kikubaaqudgha
Makhleb
Nemelex Xobeh
Sif Muna
Uskayaw
Wu Jian
Xom
Yredelemnul
Zin
The Shining One
Lugonu


Innate Abilities, Weirdness & Mutations

You are something dangerously unstable.
You glow with magical radiation, making you easy to see and hit.
Foes you strike become dangerously contaminated with magical radiation.
You are incapable of wielding weapons or throwing items.
You passively map the area around you.
You are easily found by Zot.
You glow in the dark.
You regain HP and MP as you explore.


Message History

Why would you want to do that? Why would you want to do that?
You enter the shallow water.
Moving in this stuff is going to be slow.
The gnoll hits you from afar with a +1 heavy halberd!
The gnoll hits you with a +1 heavy halberd!
* * * LOW HITPOINT WARNING * * *
You completely miss the gnoll. You hit the gnoll.
The gnoll begins to glow.
The gnoll is lightly wounded.
The gnoll sergeant hits you from afar with a +0 spear.
* * * LOW HITPOINT WARNING * * *
The gnoll misses you.
You hit the gnoll but do no damage.
The gnoll glows dangerously bright.
The gnoll is lightly wounded.
The gnoll sergeant hits you from afar with a +0 spear.
* * * LOW HITPOINT WARNING * * *
You hit the gnoll.
The gnoll shudders as magic cascades through it!!
You kill the gnoll!
Makhleb accepts your kill. The gnoll sergeant closely misses you.
You see here a +1 heavy halberd.
The gnoll sergeant hits you from afar with a +0 spear.
* * * LOW HITPOINT WARNING * * *
The gnoll sergeant hits you with a +0 spear!
* * * LOW HITPOINT WARNING * * *
You closely miss the gnoll sergeant.
The gnoll sergeant hits you with a +0 spear.
* * * LOW HITPOINT WARNING * * *
The gnoll sergeant blocks your attack.
The gnoll sergeant hits you with a +0 spear!
* * * LOW HITPOINT WARNING * * *
You punch the gnoll sergeant!
The gnoll sergeant begins to glow.
The gnoll sergeant is moderately wounded.
You hit the gnoll sergeant.
The gnoll sergeant glows dangerously bright.
The gnoll sergeant is heavily wounded.
The gnoll sergeant hits you with a +0 spear!
You die...

~~~....~~P~~~ ..#* ,
*~~~~..~~~~~~♣#.## * ,
♣~P...~~P♣♣~....# ,
*♣~P...P~....#..####,
* ♣~..P~#.<..#......,
♣~....#..P..P..P.. #
♣~......P~~~~~~~~. #
##..#.)♣~~.~~~~~.. ##
###..pg.~~~≈≈≈≈.~..##.
#......P~~~~~≈≈~.~....
###......~~P~.~....[..
#.......P~♣~P~~♣###.
###......P...♣.. #.
##.......##..# #g.
##..##..# .#..... *
...# ..#* ...#.# , ,..
....##*


You could see a gnoll sergeant (heavy contam).

Vanquished Creatures
  Pikel (D:4)
  Grinder (D:5)
  Sigmund (D:3)
  A wyvern (D:5)
  Duvessa (D:4)
  2 black bears (D:5)
  An ice beast (D:5)
  2 phantoms
  2 scorpions (D:5)
  Dowan (D:4)
  A howler monkey (D:4)
  4 jellies
  A hound (D:4)
  3 sleepcaps (D:5)
  Jessica (D:3)
  Ijyb (D:5)
  Natasha (twice) (D:3)
  An orc wizard (D:5)
  5 adders
  3 gnolls
  A shadow imp (D:5)
  2 worms
  3 dart slugs
  4 orcs
  8 endoplasms
  3 giant cockroaches
  8 hobgoblins
  9 kobolds
  3 quokkas
  6 ball pythons
  6 bats
  2 frilled lizards
  2 goblins
  4 rats
96 creatures vanquished.

Notes
Turn   | Place    | Note
-------+----------+-------------------------------------------
     0 | D:1      | lunkers the Meteoran Shapeshifter began the quest for the
                  | Orb.
     0 | D:1      | Reached XP level 1. HP: 16/16 MP: 2/2
    61 | D:1      | Reached XP level 2. HP: 23/23 MP: 3/3
   132 | D:1      | Reached skill level 4 in Unarmed Combat
   191 | D:1      | Reached XP level 3. HP: 25/28 MP: 4/4
   787 | D:2      | Found a hide-covered altar of Uskayaw.
   850 | D:3      | Reached skill level 5 in Unarmed Combat
   850 | D:3      | Reached XP level 4. HP: 21/35 MP: 5/5
   909 | D:3      | Noticed Natasha
   917 | D:3      | Killed Natasha
   981 | D:3      | Reached XP level 5. HP: 40/40 MP: 6/6
   983 | D:3      | Noticed Natasha
   990 | D:3      | Killed Natasha
  1051 | D:3      | Noticed Sigmund
  1060 | D:3      | Killed Sigmund
  1061 | D:3      | Reached skill level 7 in Unarmed Combat
  1061 | D:3      | Reached skill level 5 in Shapeshifting
  1061 | D:3      | Reached XP level 6. HP: 47/47 MP: 7/7
  1128 | D:3      | Noticed Jessica
  1131 | D:3      | Killed Jessica
  1137 | D:3      | Reached XP level 7. HP: 52/52 MP: 8/8
  1141 | D:4      | Found a staircase to the Ecumenical Temple.
  1152 | D:4      | Noticed Dowan
  1153 | D:4      | Noticed Duvessa
  1169 | D:4      | Killed Duvessa
  1177 | D:4      | Killed Dowan
  1190 | Temple   | Entered the Ecumenical Temple
  1201 | Temple   | Became a worshipper of Makhleb the Destroyer
  1446 | D:4      | Found a basalt altar of Yredelemnul.
  1543 | D:4      | Noticed Pikel
  1556 | D:4      | Killed Pikel
  1557 | D:4      | Reached skill level 9 in Unarmed Combat
  1557 | D:4      | Reached XP level 8. HP: 7/59 MP: 9/9
  1577 | D:4      | Found an opulent altar of Gozag.
  1641 | D:4      | Found a broken altar of Ashenzari.
  1798 | D:5      | Entered Level 5 of the Dungeon
  1809 | D:5      | Reached skill level 10 in Unarmed Combat
  1843 | D:5      | Noticed Grinder
  1844 | D:5      | Found a hide-covered altar of Uskayaw.
  1862 | D:5      | HP: 2/59 [Grinder (9)]
  1863 | D:5      | Killed Grinder
  1864 | D:5      | Gained mutation: You passively map the area around you.
                  | [Meteoran growth]
  1864 | D:5      | Reached XP level 9. HP: 1/64 MP: 10/10
  1916 | D:5      | Found an ancient bone altar of Kikubaaqudgha.
  2049 | D:5      | Noticed Ijyb
  2056 | D:5      | Killed Ijyb
  2057 | D:5      | Reached skill level 11 in Unarmed Combat
  2306 | D:6      | Reached * piety under Makhleb
  2436 | D:5      | Reached skill level 12 in Unarmed Combat
  2484 | D:6      | Slain by a gnoll sergeant

Illustrated notes

Levels and vault maps discovered:
D:1:      amcnicky_arrival_choice, layout_loops_corners, serial_aquarium,
          aquarium_bridge_square [aquarium_subvault_wall,
          aquarium_subvault_bridge, aquarium_subvault_window,
          aquarium_subvault_bridge], aquarium_window_3, aquarium_window_fake,
          aquarium_window_corner, aquarium_view_2e, aquarium_view_2f,
          aquarium_balcony_double_1, aquarium_pool_2
D:2:      layout_basic, basic_altar, serial_bayou_lagoon_a,
          uniq_crazy_yiuf_cottage
D:3:      layout_rooms, uniq_jessica, uniq_natasha, uniq_sigmund
D:4:      layout_cave_pods, cheibrodos_ashenzari_chains,
          nicolae_gozag_cash_rules_everything_around_me, general_overflow_altar,
          minmay_temple_entry_overgrown, uniq_duvessa, uniq_pikel
D:5:      layout_rooms, mainiacjoe_overflow_chevrons,
          eat_drink_and_be_merry_uskayaw, minmay_diced_spiral, uniq_grinder,
          uniq_ijyb
D:6:      layout_cave_pools, serial_bayou, serial_bayou_lake_a,
          serial_bayou_crossing, serial_bayou_pond_b, serial_bayou_ford_a,
          serial_bayou_pond_b
Temple:   corrupted_temple

Skill      XL: |  1  2  3  4  5  6  7  8  9 |
---------------+----------------------------+-----
Unarmed Combat | 4 5 7 9 10 12 | 12.2
Shapeshifting  | 4 5 6 7 8 |  8.5
Fighting       | |  1.1
Dodging        | |  2.1

Action                     |  1- 3 |  4- 6 |  7- 9 || total
---------------------------+-------+-------+-------++-------
  Melee: Unarmed           |    91 |    52 |   187 ||   330
         Punch             |     2 |     1 |     3 ||     6
    Use: Scroll            |     1 |     2 |     5 ||     8
         Potion            |       |     1 |       ||     1
 Armour: Animal skin       |    18 |       |       ||    18
         Scale mail        |    26 |    32 |   101 ||   159
         Skin              |       |     3 |       ||     3
         Ring mail         |       |       |    68 ||    68
  Dodge: Dodged            |    43 |    34 |   103 ||   180
   Form: Flux              |       |       |     1 ||     1

Table legend: (Time is in decaauts)
 A = Elapsed time spent in this place.
 B = Non-inter-level travel time spent in this place.
 C = Inter-level travel time spent in this place.
 D = Time resting spent in this place.
 E = Time spent auto-exploring this place.
 F = Levels seen in this place.
 G = Mean time per level.
                   A        B        C        D        E       F      G
               +--------+--------+--------+--------+--------+-----+--------+
         Total |   2437 |   2337 |    100 |     40 |   1558 |   7 |  348.1 |
       Dungeon |   2414 |   2334 |     80 |     40 |   1558 |   6 |  402.3 |
        Temple |     22 |      2 |     20 |      0 |      0 |   1 |   22.0 |
               +--------+--------+--------+--------+--------+-----+--------+

Top non-repeatable levels by time:
     D:4: 691 daAuts
     D:5: 545 daAuts
     D:2: 483 daAuts
     D:1: 325 daAuts
     D:3: 317 daAuts
     D:6: 51 daAuts
  Temple: 22 daAuts
